 Dungeon Crawl Stone Soup version 0.27-a0-676-gc1da3516c2 (webtiles) character file.

Game seed: 5016054524784184798

77 Gildeon the Shield-Bearer (level 4, -1/37 HPs)
             Began as a Formicid Fighter on Mar 18, 2021.
             Slain by Grinder (3 damage)
             ... on level 3 of the Dungeon.
             The game lasted 00:05:59 (2258 turns).

Gildeon the Shield-Bearer (Formicid Fighter)        Turns: 2258, Time: 00:06:00

Health: -1/37      AC:  9    Str: 22    XL:     4   Next: 60%
Magic:  4/4        EV:  6    Int:  7    God:
Gold:   118        SH:  9    Dex: 10    Spells: 3/3 levels left

rFire    . . .     SeeInvis +   a - +0 trident
rCold    . . .     Faith    .   c - +0 kite shield
rNeg     . . .     Spirit   .   k - +0 chain mail
rPois    .         Reflect  .   (helmet unavailable)
rElec    .         Harm     .   (no cloak)
rCorr    .         Rampage  .   (no gloves)
Will     .....                  (no boots)
Stlth    ..........             (no amulet)
HPRegen  0.12/turn              (no ring)
MPRegen  0.09/turn              (no ring)

@: mighty, lethally poisoned (-1 -> -3)
A: permanent stasis, dig shafts and tunnels, antennae 3, four strong arms
a: Dig, Shaft Self


You were on level 3 of the Dungeon.
You visited 1 branch of the dungeon, and saw 3 of its levels.

You collected 118 gold pieces.

Inventory:

Hand Weapons
 a - a +0 trident (weapon)
Armour
 b - a +2 ring mail of poison resistance
 c - a +0 kite shield (worn)
 k - a +0 chain mail (worn)
Magical Staves
 n - a staff of earth
 o - a staff of conjuration
Scrolls
 e - a scroll of magic mapping {unknown}
 g - a scroll of enchant weapon {unknown}
 h - 2 scrolls of silence
 j - a scroll of fog {unknown}
 l - 2 scrolls of noise {unknown}
 m - a scroll of torment {unknown}
 p - a scroll of fear {unknown}
 q - a scroll of acquirement {unknown}
 r - a scroll of brand weapon {unknown}
Potions
 f - a potion of heal wounds
 i - 2 potions of curing


   Skills:
 + Level 3.8 Fighting
 + Level 2.6 Polearms
 + Level 3.8 Armour
 + Level 1.2 Dodging
 + Level 4.2 Shields


You had 3 spell levels left.
You didn't know any spells.
Your spell library contained the following spells:

 Spells                   Type           Power      Damage    Failure   Level
 Confusing Touch          Hex            0%         N/A       100%        3
 Gell's Gravitas          Tloc           0%         N/A       100%        3
 Petrify                  Tmut/Erth      0%         N/A       100%        4
 Metabolic Englaciation   Hex/Ice        0%         N/A       100%        5
 Yara's Violent Unravell  Hex/Tmut       0%         3d3       100%        5


Dungeon Overview and Level Annotations

Branches:
Dungeon (3/15)

Altars:
Yredelemnul

Annotations:
D:3 Grinder


Innate Abilities, Weirdness & Mutations

You cannot be hasted, slowed, berserked, paralysed or teleported.
You can dig through walls and to a lower floor.
You have a pair of large antennae on your head. (SInv)
Your four strong arms can wield two-handed weapons with a shield.


Message History

Grinder hits you but does no damage.
A worker ant comes into view.
You puncture Grinder!
Grinder is moderately wounded.
Grinder hits you but does no damage.
You puncture Grinder!
Grinder is severely wounded.
Grinder barely misses you.
Grinder blinks!
You puncture the adder!
You kill the adder!
You closely miss the hound. The hound bites you. The hound closely misses you.
You barely miss the hound. You block the hound's attack.
The worker ant bites you but does no damage.
The hound bites you.
Grinder blinks!
You miss the hound. You block the hound's attack.
You block the worker ant's attack. The hound bites you but does no damage.
Grinder gestures at you.
Your stasis prevents you from being paralysed.
The worker ant bites you.
You are poisoned.
The worker ant poisons you!
You puncture the hound!
The hound is heavily wounded.
You feel sick. The hound bites you but does no damage.
You block the worker ant's attack. Grinder gestures at you.
Pain shoots through your body! The hound bites you. The worker ant bites you.
Grinder gestures at you. Pain shoots through your body!
* * * LOW HITPOINT WARNING * * *
You block the hound's attack. The hound bites you.
* * * LOW HITPOINT WARNING * * *
Grinder gestures at you. You resist with significant effort.
You hit Grinder.
Grinder is almost dead.
* * * LOW HITPOINT WARNING * * *
You feel sick. You block the hound's attack. You block the worker ant's attack.
Grinder hits you.
You die...

######.#.....##.#
#.#.#.....##.### #
#.#.#.....#....# #.
#...#.....#....# #..
#.###.....#....# #...
+..##.#####....#
...!.#..##.###......#
#.....Bh............#
.#....@##.###......#
#.....#5##.# #.....##
#.... .....# #.....#
#.#. ##.#### #.....#
# # #.# #.....# ..#
#.....# ### #.....#


You could see Grinder, a hound and a worker ant.

Vanquished Creatures
  2 adders (D:3)
  An ooze (D:1)
  A dart slug (D:1)
  3 leopard geckos (D:2)
  4 bats
  A giant cockroach (D:2)
  A goblin (D:1)
  6 hobgoblins
  7 jackals
  2 ball pythons (D:1)
  5 frilled lizards
  9 kobolds
  7 rats
49 creatures vanquished.

Notes
Turn   | Place    | Note
-------+----------+-------------------------------------------
     0 | D:1      | Gildeon the Formicid Fighter began the quest for the Orb.
     0 | D:1      | Reached XP level 1. HP: 18/18 MP: 1/1
   153 | D:1      | Reached XP level 2. HP: 11/24 MP: 2/2
   512 | D:1      | Reached XP level 3. HP: 25/29 MP: 3/3
   794 | D:1      | Reached skill level 4 in Shields
  1122 | D:2      | Reached skill level 1 in Dodging
  1351 | D:2      | Reached XP level 4. HP: 37/37 MP: 4/4
  1396 | D:2      | Found a basalt altar of Yredelemnul.
  2245 | D:3      | Noticed Grinder
  2258 | D:3      | Slain by Grinder

Illustrated notes

Levels and vault maps discovered:
D:1:      dpeg_arrival_arbitrary_c, layout_rooms, minmay_hexomino_f4
D:2:      layout_rooms, nicolae_overflow_crystal_walls
D:3:      layout_basic, uniq_grinder

Skill      XL: |  1  2  3 |
---------------+----------+-----
Shields        | 4 |  4.2
Dodging        | 1 |  1.2
Fighting       | |  3.8
Polearms       | |  2.6
Armour         | |  3.8

Action                   |  1- 3 |  4- 6 || total
-------------------------+-------+-------++-------
Melee: Trident           |   123 |    46 ||   169
  Use: Scroll            |       |     4 ||     4
       Potion            |       |     1 ||     1
Armor: Scale mail        |    27 |       ||    27
       Chain mail        |    34 |    22 ||    56
Dodge: Dodged            |    51 |     6 ||    57
Block: Kite shield       |    80 |    28 ||   108

Table legend: (Time is in decaauts)
 A = Elapsed time spent in this place.
 B = Non-inter-level travel time spent in this place.
 C = Inter-level travel time spent in this place.
 D = Time resting spent in this place.
 E = Time spent auto-exploring this place.
 F = Levels seen in this place.
 G = Mean time per level.
                   A        B        C        D        E       F      G
               +--------+--------+--------+--------+--------+-----+--------+
         Total |   2316 |   2251 |     65 |     88 |   1625 |   3 |  772.0 |
       Dungeon |   2316 |   2251 |     65 |     88 |   1625 |   3 |  772.0 |
               +--------+--------+--------+--------+--------+-----+--------+

Top non-repeatable levels by time:
     D:1: 1024 daAuts
     D:2: 855 daAuts
     D:3: 435 daAuts
